BlackHawks vs Blues

Created - October 15 2009 at 19:20

Simulating a Pre-Season

Goals
1 2 3 OT1 SO T
BlackHawks 1 0 0 0 1 1
Blues 0 0 1 0 2 2
Shots
1 2 3 OT1 SO T
BlackHawks 8 8 1 0 3 17
Blues 6 6 11 5 2 28

Period #1

1. BlackHawks , Martin Erat 1 (Paul Kariya, Todd White) at 10:31

Penalties :
Dion Phaneuf (STL) for Tripping (Minor) at 3:48, Mike Grier (CHI) for Diving (Minor) at 6:16, Patrick Sharp (CHI) for Roughing (Minor) at 10:41

Period #2

No Goal

Penalties :
Sami Salo (CHI) for Hooking (Minor) at 0:32, Adam Foote (CHI) for Roughing (Minor) at 1:19, Chris Kunitz (STL) for Hooking (Minor) at 6:13, Martin Erat (CHI) for Hooking (Minor) at 16:17

Period #3

2. Blues , Jerred Smithson 1 (Scott Niedermayer, Dion Phaneuf) at 5:49

Penalties :
Robyn Regehr (STL) for Roughing (Minor) at 2:14, Matthew Lombardi (STL) for Tripping (Minor) at 6:18, Kim Johnsson (CHI) for Unsportsmanlike conduct (Major / Game Misconduct) at 10:31, Chris Kunitz (STL) for Holding (Minor) at 12:20

Overtime #1

No Goal

Penalties :
No Penalty

Shootout

Penalty Shot by Patrick Marleau for BlackHawks - Goal!
Penalty Shot by Jarome Iginla for Blues - Goal!
Penalty Shot by Paul Kariya for BlackHawks - Stopped by Jonathan Quick
Penalty Shot by Saku Koivu for Blues - Goal!
Penalty Shot by Todd White for BlackHawks - Shot Misses the Net

Penalties :
No Penalty

Goalie Stats

Cristobal Huet (CHI), 27 saves from 28 shots - (0.964), OTL, 1-0-1, 65:00 minutes
Jonathan Quick (STL), 16 saves from 17 shots - (0.941), W, 5-3-1, 65:00 minutes

Players Stats

BlackHawks
Player Name              G  A  P  +/- PIM S  H  SB FO    MP 
------------------------------------------------------------
Adam Foote               0  0  0  -1  2   0  1  4  0/0   20 
Alexander Steen          0  0  0   0  0   1  0  0  0/0   8  
Andrew Ebbett            0  0  0   0  0   0  0  0  4/8   8  
Andy Hilbert             0  0  0  -1  0   0  1  0  0/1   10 
Brett Clark              0  0  0   1  0   0  0  1  0/0   21 
Darryl Sydor             0  0  0   0  0   1  0  1  0/0   21 
Kim Johnsson             0  0  0  -1  15  0  1  1  0/0   20 
Martin Erat              1  0  1   1  2   4  0  0  1/1   14 
Mike Grier               0  0  0   0  2   0  3  0  0/0   12 
Patrick Kane             0  0  0   0  0   2  0  0  0/0   19 
Patrick Marleau          0  0  0   0  0   3  5  0  16/25 26 
Patrick Sharp            0  0  0   0  2   2  1  0  1/3   22 
Paul Kariya              0  1  1   1  0   2  0  1  1/2   18 
Rob Niedermayer          0  0  0  -1  0   0  1  0  0/1   11 
Robert Scuderi           0  0  0   1  0   0  0  0  0/0   22 
Sami Salo                0  0  0   0  2   0  0  0  0/0   24 
Samuel Pahlsson          0  0  0  -1  0   0  0  0  8/16  13 
Todd White               0  1  1   1  0   2  0  0  11/18 18 
Blues
Player Name              G  A  P  +/- PIM S  H  SB FO    MP 
------------------------------------------------------------
Brad Lukowich            0  0  0   0  0   1  1  0  0/0   22 
Brian Pothier            0  0  0  -1  0   1  0  1  0/0   19 
Brian Willsie            0  0  0   1  0   0  0  0  0/1   9  
Chris Kunitz             0  0  0   0  4   2  3  0  0/2   17 
Daymond Langkow          0  0  0  -1  0   1  1  0  3/5   15 
Dion Phaneuf             0  1  1   1  2   1  2  1  0/0   27 
Hal Gill                 0  0  0  -1  0   0  1  0  0/0   16 
Jarome Iginla            0  0  0   0  0   5  0  0  1/4   21 
Jerred Smithson          1  0  1   1  0   2  1  0  1/7   10 
Jussi Jokinen            0  0  0  -1  0   2  1  0  0/0   10 
Kristian Huselius        0  0  0   0  0   3  0  0  0/1   19 
Marek Svatos             0  0  0   0  0   2  1  0  0/2   16 
Matthew Lombardi         0  0  0   0  2   2  1  0  15/29 22 
Mike Comrie              0  0  0  -1  0   1  1  0  1/1   12 
Robyn Regehr             0  0  0   0  2   0  3  0  0/0   15 
Saku Koivu               0  0  0   0  0   2  1  2  12/23 20 
Scott Niedermayer        0  1  1   1  0   3  0  4  0/0   27 
Stephane Yelle           0  0  0   1  0   0  0  0  0/0   12 

3 Stars

1 - Cristobal Huet (CHI)
2 - Jerred Smithson (STL)
3 - Jonathan Quick (STL)

Power Play

BlackHawks - 0 on 5 Attempt(s) - 0.00%
Blues - 0 on 6 Attempt(s) - 0.00%

Penalty Kill

BlackHawks - 6 on 6 Attempt(s) - 100.00% - Score 0 goal in Penalty Kill
Blues - 5 on 5 Attempt(s) - 100.00% - Score 0 goal in Penalty Kill

Game Notes

Kim Johnsson ejected from game at 10:31 of 3rd period

Play by Play

Period #1

0:01 of 1st period - Patrick Marleau wins face-off versus Chris Kunitz in neutral zone.
0:06 of 1st period - Shot by Patrick Kane.
0:06 of 1st period - Shot Hit the Post.
0:10 of 1st period - Shot by Patrick Marleau.
0:10 of 1st period - Stopped by Jonathan Quick without a rebound.
0:11 of 1st period - Todd White wins face-off versus Matthew Lombardi in Blues zone.
1:18 of 1st period - Icing by Sami Salo.
1:19 of 1st period - Saku Koivu wins face-off versus Patrick Marleau in BlackHawks zone.
1:28 of 1st period - Patrick Marleau is hit by Dion Phaneuf and loses puck.
1:40 of 1st period - Off-side.
1:41 of 1st period - Andrew Ebbett wins face-off versus Daymond Langkow in neutral zone.
1:48 of 1st period - Shot by Darryl Sydor.
1:48 of 1st period - Stopped by Jonathan Quick without a rebound.
1:49 of 1st period - Samuel Pahlsson wins face-off versus Jerred Smithson in Blues zone.
2:24 of 1st period - Shot by Samuel Pahlsson.
2:24 of 1st period - Shot Blocked by Scott Niedermayer.
2:28 of 1st period - Shot by Samuel Pahlsson.
2:28 of 1st period - Shot Misses the Net.
3:48 of 1st period - Minor Penalty to Dion Phaneuf for Tripping.
3:49 of 1st period - Matthew Lombardi wins face-off versus Todd White in Blues zone.
5:02 of 1st period - Icing by Darryl Sydor.
5:03 of 1st period - Matthew Lombardi wins face-off versus Todd White in BlackHawks zone.
6:16 of 1st period - Minor Penalty to Mike Grier for Diving.
6:17 of 1st period - Samuel Pahlsson wins face-off versus Saku Koivu in BlackHawks zone.
6:36 of 1st period - Shot by Scott Niedermayer.
6:36 of 1st period - Stopped by Cristobal Huet without a rebound.
6:37 of 1st period - Patrick Marleau wins face-off versus Saku Koivu in BlackHawks zone.
6:37 of 1st period - Patrick Marleau is hit by Saku Koivu.
7:18 of 1st period - Icing by Brad Lukowich.
7:19 of 1st period - Patrick Marleau wins face-off versus Matthew Lombardi in Blues zone.
8:56 of 1st period - Off-side.
8:57 of 1st period - Todd White wins face-off versus Jerred Smithson in neutral zone.
9:26 of 1st period - Shot by Paul Kariya.
9:26 of 1st period - Stopped by Jonathan Quick without a rebound.
9:27 of 1st period - Patrick Sharp wins face-off versus Marek Svatos in Blues zone.
9:29 of 1st period - Patrick Marleau is hit by Brad Lukowich.
9:35 of 1st period - Shot by Patrick Kane.
9:35 of 1st period - Shot Misses the Net.
9:37 of 1st period - Shot by Kim Johnsson.
9:37 of 1st period - Shot Misses the Net.
9:41 of 1st period - Shot by Patrick Marleau.
9:41 of 1st period - Stopped by Jonathan Quick without a rebound.
9:42 of 1st period - Saku Koivu wins face-off versus Rob Niedermayer in Blues zone.
9:42 of 1st period - Saku Koivu is hit by Andy Hilbert.
9:59 of 1st period - Shot by Jarome Iginla.
9:59 of 1st period - Shot Misses the Net.
10:01 of 1st period - Shot by Scott Niedermayer.
10:01 of 1st period - Shot Misses the Net.
10:03 of 1st period - Shot by Dion Phaneuf.
10:03 of 1st period - Shot Blocked by Darryl Sydor.
10:07 of 1st period - Shot by Jarome Iginla.
10:07 of 1st period - Shot Misses the Net.
10:11 of 1st period - Shot by Jarome Iginla.
10:11 of 1st period - Shot Misses the Net.
10:31 of 1st period - Shot by Martin Erat.
10:31 of 1st period - Goal by Martin Erat - BlackHawks : 1 - Blues : 0.
10:32 of 1st period - Patrick Marleau wins face-off versus Matthew Lombardi in neutral zone.
10:41 of 1st period - Minor Penalty to Patrick Sharp for Roughing.
10:42 of 1st period - Matthew Lombardi wins face-off versus Samuel Pahlsson in BlackHawks zone.
10:43 of 1st period - Shot by Marek Svatos.
10:43 of 1st period - Deflect By Chris Kunitz.
10:43 of 1st period - Stopped by Cristobal Huet without a rebound.
10:44 of 1st period - Samuel Pahlsson wins face-off versus Matthew Lombardi in BlackHawks zone.
10:56 of 1st period - Icing by Brad Lukowich.
10:57 of 1st period - Matthew Lombardi wins face-off versus Samuel Pahlsson in Blues zone.
11:41 of 1st period - Shot by Jarome Iginla.
11:41 of 1st period - Stopped by Cristobal Huet with a rebound.
12:15 of 1st period - Samuel Pahlsson is hit by Chris Kunitz and loses puck.
13:29 of 1st period - Shot by Scott Niedermayer.
13:29 of 1st period - Stopped by Cristobal Huet with a rebound.
13:56 of 1st period - Off-side.
13:57 of 1st period - Matthew Lombardi wins face-off versus Andrew Ebbett in neutral zone.
15:11 of 1st period - Shot by Todd White.
15:11 of 1st period - Stopped by Jonathan Quick without a rebound.
15:12 of 1st period - Samuel Pahlsson wins face-off versus Saku Koivu in Blues zone.
16:16 of 1st period - Icing by Brett Clark.
16:17 of 1st period - Paul Kariya wins face-off versus Brian Willsie in BlackHawks zone.
16:17 of 1st period - Paul Kariya is hit by Jerred Smithson.
16:20 of 1st period - Icing by Todd White.
16:21 of 1st period - Todd White wins face-off versus Matthew Lombardi in BlackHawks zone.
16:42 of 1st period - Kristian Huselius is hit by Kim Johnsson and loses puck.
17:34 of 1st period - Mike Grier is hit by Mike Comrie and loses puck.
17:39 of 1st period - Shot by Mike Comrie.
17:39 of 1st period - Stopped by Cristobal Huet without a rebound.
17:40 of 1st period - Jarome Iginla wins face-off versus Samuel Pahlsson in BlackHawks zone.
17:57 of 1st period - Shot by Andy Hilbert.
17:57 of 1st period - Shot Blocked by Dion Phaneuf.
19:01 of 1st period - Shot by Martin Erat.
19:01 of 1st period - Stopped by Jonathan Quick without a rebound.
19:02 of 1st period - Patrick Marleau wins face-off versus Daymond Langkow in Blues zone.
19:34 of 1st period - Shot by Patrick Marleau.
19:34 of 1st period - Stopped by Jonathan Quick without a rebound.
19:35 of 1st period - Matthew Lombardi wins face-off versus Todd White in Blues zone.
19:43 of 1st period - Shot by Kristian Huselius.
19:43 of 1st period - Stopped by Cristobal Huet without a rebound.
19:44 of 1st period - Andrew Ebbett wins face-off versus Jerred Smithson in BlackHawks zone.
19:54 of 1st period - Shot by Stephane Yelle.
19:54 of 1st period - Shot Misses the Net.

Period #2

0:01 of 2nd period - Patrick Marleau wins face-off versus Saku Koivu in neutral zone.
0:06 of 2nd period - Jarome Iginla is hit by Patrick Marleau and loses puck.
0:32 of 2nd period - Minor Penalty to Sami Salo for Hooking.
0:33 of 2nd period - Matthew Lombardi wins face-off versus Samuel Pahlsson in BlackHawks zone.
1:04 of 2nd period - Shot by Chris Kunitz.
1:04 of 2nd period - Stopped by Cristobal Huet without a rebound.
1:05 of 2nd period - Saku Koivu wins face-off versus Patrick Marleau in BlackHawks zone.
1:06 of 2nd period - Shot by Jarome Iginla.
1:06 of 2nd period - Shot Misses the Net.
1:19 of 2nd period - Minor Penalty to Adam Foote for Roughing.
1:20 of 2nd period - Samuel Pahlsson wins face-off versus Saku Koivu in BlackHawks zone.
2:06 of 2nd period - Shot by Marek Svatos.
2:06 of 2nd period - Stopped by Cristobal Huet without a rebound.
2:07 of 2nd period - Samuel Pahlsson wins face-off versus Chris Kunitz in BlackHawks zone.
2:07 of 2nd period - Samuel Pahlsson is hit by Chris Kunitz.
2:25 of 2nd period - Icing by Brian Pothier.
2:26 of 2nd period - Matthew Lombardi wins face-off versus Andy Hilbert in Blues zone.
3:35 of 2nd period - Shot by Daymond Langkow.
3:35 of 2nd period - Stopped by Cristobal Huet without a rebound.
3:36 of 2nd period - Patrick Marleau wins face-off versus Jerred Smithson in BlackHawks zone.
4:00 of 2nd period - Shot by Patrick Marleau.
4:00 of 2nd period - Deflect By Patrick Kane.
4:00 of 2nd period - Shot Misses the Net.
4:42 of 2nd period - Adam Foote is hit by Hal Gill and loses puck.
4:51 of 2nd period - Darryl Sydor is hit by Jussi Jokinen and loses puck.
5:43 of 2nd period - Paul Kariya is hit by Robyn Regehr and loses puck.
6:13 of 2nd period - Minor Penalty to Chris Kunitz for Hooking.
6:14 of 2nd period - Patrick Marleau wins face-off versus Saku Koivu in Blues zone.
6:27 of 2nd period - Shot by Patrick Marleau.
6:27 of 2nd period - Shot Blocked by Saku Koivu.
6:36 of 2nd period - Icing by Sami Salo.
6:37 of 2nd period - Patrick Marleau wins face-off versus Jarome Iginla in BlackHawks zone.
7:46 of 2nd period - Shot by Patrick Sharp.
7:46 of 2nd period - Stopped by Jonathan Quick with a rebound.
7:50 of 2nd period - Shot by Patrick Sharp.
7:50 of 2nd period - Shot Misses the Net.
7:56 of 2nd period - Shot by Patrick Sharp.
7:56 of 2nd period - Stopped by Jonathan Quick without a rebound.
7:57 of 2nd period - Todd White wins face-off versus Kristian Huselius in Blues zone.
8:14 of 2nd period - Scott Niedermayer is hit by Mike Grier and loses puck.
8:21 of 2nd period - Shot by Alexander Steen.
8:21 of 2nd period - Stopped by Jonathan Quick without a rebound.
8:22 of 2nd period - Daymond Langkow wins face-off versus Samuel Pahlsson in Blues zone.
8:31 of 2nd period - Shot by Daymond Langkow.
8:31 of 2nd period - Shot Blocked by Adam Foote.
8:33 of 2nd period - Shot by Jussi Jokinen.
8:33 of 2nd period - Stopped by Cristobal Huet with a rebound.
8:35 of 2nd period - Shot by Hal Gill.
8:35 of 2nd period - Shot Blocked by Adam Foote.
9:07 of 2nd period - Shot by Stephane Yelle.
9:07 of 2nd period - Shot Misses the Net.
9:56 of 2nd period - Scott Niedermayer is hit by Patrick Marleau.
10:31 of 2nd period - Icing by Robert Scuderi.
10:32 of 2nd period - Mike Comrie wins face-off versus Todd White in BlackHawks zone.
10:47 of 2nd period - Shot by Paul Kariya.
10:47 of 2nd period - Stopped by Jonathan Quick without a rebound.
10:48 of 2nd period - Matthew Lombardi wins face-off versus Andrew Ebbett in Blues zone.
10:48 of 2nd period - Matthew Lombardi is hit by Mike Grier.
11:29 of 2nd period - Icing by Marek Svatos.
11:30 of 2nd period - Todd White wins face-off versus Matthew Lombardi in Blues zone.
11:33 of 2nd period - Shot by Todd White.
11:33 of 2nd period - Stopped by Jonathan Quick with a rebound.
11:39 of 2nd period - Brett Clark is hit by Matthew Lombardi and loses puck.
12:04 of 2nd period - Shot by Daymond Langkow.
12:04 of 2nd period - Deflect By Jussi Jokinen.
12:04 of 2nd period - Shot Blocked by Paul Kariya.
12:06 of 2nd period - Shot by Jussi Jokinen.
12:06 of 2nd period - Stopped by Cristobal Huet with a rebound.
12:47 of 2nd period - Shot by Scott Niedermayer.
12:47 of 2nd period - Stopped by Cristobal Huet without a rebound.
12:48 of 2nd period - Patrick Marleau wins face-off versus Jerred Smithson in BlackHawks zone.
13:01 of 2nd period - Shot by Patrick Kane.
13:01 of 2nd period - Stopped by Jonathan Quick without a rebound.
13:02 of 2nd period - Saku Koivu wins face-off versus Andrew Ebbett in Blues zone.
13:02 of 2nd period - Saku Koivu is hit by Mike Grier.
13:09 of 2nd period - Off-side.
13:10 of 2nd period - Jerred Smithson wins face-off versus Patrick Marleau in neutral zone.
13:52 of 2nd period - Icing by Dion Phaneuf.
13:53 of 2nd period - Andrew Ebbett wins face-off versus Jerred Smithson in Blues zone.
15:32 of 2nd period - Jussi Jokinen is hit by Patrick Sharp.
15:44 of 2nd period - Shot by Patrick Kane.
15:44 of 2nd period - Stopped by Jonathan Quick without a rebound.
15:45 of 2nd period - Todd White wins face-off versus Saku Koivu in Blues zone.
15:45 of 2nd period - Todd White is hit by Dion Phaneuf.
16:08 of 2nd period - Shot by Saku Koivu.
16:08 of 2nd period - Shot Blocked by Brett Clark.
16:10 of 2nd period - Shot by Saku Koivu.
16:10 of 2nd period - Shot Misses the Net.
16:17 of 2nd period - Minor Penalty to Martin Erat for Hooking.
16:18 of 2nd period - Matthew Lombardi wins face-off versus Samuel Pahlsson in BlackHawks zone.
17:52 of 2nd period - Icing by Marek Svatos.
17:53 of 2nd period - Matthew Lombardi wins face-off versus Patrick Marleau in Blues zone.
17:53 of 2nd period - Matthew Lombardi is hit by Rob Niedermayer.
18:17 of 2nd period - Shot by Jarome Iginla.
18:17 of 2nd period - Shot Misses the Net.
19:04 of 2nd period - Shot by Patrick Marleau.
19:04 of 2nd period - Shot Blocked by Brian Pothier.
19:57 of 2nd period - Shot by Martin Erat.
19:57 of 2nd period - Stopped by Jonathan Quick with a rebound.

Period #3

0:01 of 3rd period - Patrick Marleau wins face-off versus Saku Koivu in neutral zone.
0:06 of 3rd period - Shot by Patrick Marleau.
0:06 of 3rd period - Shot Blocked by Scott Niedermayer.
0:54 of 3rd period - Dion Phaneuf is hit by Patrick Marleau and loses puck.
1:24 of 3rd period - Shot by Martin Erat.
1:24 of 3rd period - Stopped by Jonathan Quick without a rebound.
1:25 of 3rd period - Daymond Langkow wins face-off versus Andrew Ebbett in Blues zone.
1:33 of 3rd period - Shot by Mike Comrie.
1:33 of 3rd period - Shot Misses the Net.
1:52 of 3rd period - Shot by Hal Gill.
1:52 of 3rd period - Shot Misses the Net.
1:56 of 3rd period - Shot by Brian Pothier.
1:56 of 3rd period - Stopped by Cristobal Huet without a rebound.
1:57 of 3rd period - Todd White wins face-off versus Matthew Lombardi in BlackHawks zone.
1:59 of 3rd period - Paul Kariya is hit by Marek Svatos and loses puck.
2:03 of 3rd period - Brett Clark is hit by Robyn Regehr and loses puck.
2:14 of 3rd period - Minor Penalty to Robyn Regehr for Roughing.
2:15 of 3rd period - Matthew Lombardi wins face-off versus Patrick Marleau in Blues zone.
4:40 of 3rd period - Shot by Scott Niedermayer.
4:40 of 3rd period - Shot Blocked by Adam Foote.
4:42 of 3rd period - Shot by Jerred Smithson.
4:42 of 3rd period - Stopped by Cristobal Huet without a rebound.
4:43 of 3rd period - Daymond Langkow wins face-off versus Paul Kariya in BlackHawks zone.
4:46 of 3rd period - Shot by Mike Comrie.
4:46 of 3rd period - Shot Misses the Net.
5:06 of 3rd period - Todd White is hit by Robyn Regehr and loses puck.
5:47 of 3rd period - Shot by Scott Niedermayer.
5:47 of 3rd period - Shot Blocked by Adam Foote.
5:49 of 3rd period - Shot by Jerred Smithson.
5:49 of 3rd period - Goal by Jerred Smithson - BlackHawks : 1 - Blues : 1.
5:50 of 3rd period - Andrew Ebbett wins face-off versus Marek Svatos in neutral zone.
6:18 of 3rd period - Minor Penalty to Matthew Lombardi for Tripping.
6:19 of 3rd period - Saku Koivu wins face-off versus Patrick Sharp in Blues zone.
7:48 of 3rd period - Robyn Regehr is hit by Patrick Marleau and loses puck.
8:01 of 3rd period - Shot by Patrick Kane.
8:01 of 3rd period - Deflect By Patrick Marleau.
8:01 of 3rd period - Shot Misses the Net.
8:03 of 3rd period - Shot by Adam Foote.
8:03 of 3rd period - Shot Blocked by Saku Koivu.
8:48 of 3rd period - Scott Niedermayer is hit by Adam Foote and loses puck.
8:53 of 3rd period - Shot by Scott Niedermayer.
8:53 of 3rd period - Shot Hit the Post.
9:15 of 3rd period - Shot by Kristian Huselius.
9:15 of 3rd period - Shot Misses the Net.
9:17 of 3rd period - Shot by Kristian Huselius.
9:17 of 3rd period - Shot Blocked by Kim Johnsson.
9:21 of 3rd period - Shot by Marek Svatos.
9:21 of 3rd period - Stopped by Cristobal Huet with a rebound.
9:27 of 3rd period - Shot by Kristian Huselius.
9:27 of 3rd period - Stopped by Cristobal Huet without a rebound.
9:28 of 3rd period - Martin Erat wins face-off versus Jarome Iginla in BlackHawks zone.
10:31 of 3rd period - Major / Game Misconduct Penalty to Kim Johnsson for Unsportsmanlike conduct.
10:31 of 3rd period - Kim Johnsson is ejected from game.
10:32 of 3rd period - Samuel Pahlsson wins face-off versus Matthew Lombardi in BlackHawks zone.
10:41 of 3rd period - Shot by Scott Niedermayer.
10:41 of 3rd period - Shot Misses the Net.
10:43 of 3rd period - Shot by Matthew Lombardi.
10:43 of 3rd period - Shot Hit the Post.
10:45 of 3rd period - Shot by Brad Lukowich.
10:45 of 3rd period - Stopped by Cristobal Huet without a rebound.
10:46 of 3rd period - Saku Koivu wins face-off versus Samuel Pahlsson in BlackHawks zone.
11:39 of 3rd period - Sami Salo is hit by Chris Kunitz and loses puck.
11:57 of 3rd period - Icing by Brad Lukowich.
11:58 of 3rd period - Patrick Marleau wins face-off versus Matthew Lombardi in Blues zone.
12:20 of 3rd period - Minor Penalty to Chris Kunitz for Holding.
12:21 of 3rd period - Todd White wins face-off versus Saku Koivu in Blues zone.
12:25 of 3rd period - Icing by Jarome Iginla.
12:26 of 3rd period - Todd White wins face-off versus Saku Koivu in Blues zone.
12:45 of 3rd period - Shot by Jarome Iginla.
12:45 of 3rd period - Stopped by Cristobal Huet without a rebound.
12:46 of 3rd period - Patrick Marleau wins face-off versus Matthew Lombardi in BlackHawks zone.
13:12 of 3rd period - Shot by Matthew Lombardi.
13:12 of 3rd period - Stopped by Cristobal Huet without a rebound.
13:13 of 3rd period - Saku Koivu wins face-off versus Todd White in BlackHawks zone.
13:14 of 3rd period - Shot by Jarome Iginla.
13:14 of 3rd period - Stopped by Cristobal Huet without a rebound.
13:15 of 3rd period - Todd White wins face-off versus Saku Koivu in BlackHawks zone.
14:12 of 3rd period - Shot by Paul Kariya.
14:12 of 3rd period - Shot Blocked by Scott Niedermayer.
14:14 of 3rd period - Shot by Paul Kariya.
14:14 of 3rd period - Shot Misses the Net.
14:16 of 3rd period - Shot by Sami Salo.
14:16 of 3rd period - Shot Blocked by Scott Niedermayer.
14:20 of 3rd period - Shot by Paul Kariya.
14:20 of 3rd period - Deflect By Samuel Pahlsson.
14:20 of 3rd period - Shot Misses the Net.
14:26 of 3rd period - Shot by Matthew Lombardi.
14:26 of 3rd period - Stopped by Cristobal Huet without a rebound.
14:27 of 3rd period - Samuel Pahlsson wins face-off versus Matthew Lombardi in BlackHawks zone.
14:37 of 3rd period - Off-side.
14:38 of 3rd period - Matthew Lombardi wins face-off versus Samuel Pahlsson in neutral zone.
14:49 of 3rd period - Shot by Marek Svatos.
14:49 of 3rd period - Shot Hit the Post.
15:29 of 3rd period - Sami Salo is hit by Daymond Langkow and loses puck.
15:46 of 3rd period - Shot by Kristian Huselius.
15:46 of 3rd period - Stopped by Cristobal Huet without a rebound.
15:47 of 3rd period - Patrick Marleau wins face-off versus Matthew Lombardi in BlackHawks zone.
16:19 of 3rd period - Icing by Kristian Huselius.
16:20 of 3rd period - Matthew Lombardi wins face-off versus Todd White in Blues zone.
19:47 of 3rd period - Shot by Mike Comrie.
19:47 of 3rd period - Shot Misses the Net.
19:49 of 3rd period - Shot by Robyn Regehr.
19:49 of 3rd period - Shot Misses the Net.

Overtime #1

0:01 of 1st overtime period - Patrick Marleau wins face-off versus Jarome Iginla in neutral zone.
1:49 of 1st overtime period - Icing by Brad Lukowich.
1:50 of 1st overtime period - Matthew Lombardi wins face-off versus Patrick Marleau in Blues zone.
2:02 of 1st overtime period - Icing by Sami Salo.
2:03 of 1st overtime period - Saku Koivu wins face-off versus Patrick Marleau in BlackHawks zone.
2:04 of 1st overtime period - Shot by Jarome Iginla.
2:04 of 1st overtime period - Deflect By Saku Koivu.
2:04 of 1st overtime period - Stopped by Cristobal Huet without a rebound.
2:05 of 1st overtime period - Saku Koivu wins face-off versus Patrick Sharp in BlackHawks zone.
2:16 of 1st overtime period - Shot by Saku Koivu.
2:16 of 1st overtime period - Shot Misses the Net.
2:20 of 1st overtime period - Shot by Jarome Iginla.
2:20 of 1st overtime period - Shot Misses the Net.
2:22 of 1st overtime period - Shot by Jarome Iginla.
2:22 of 1st overtime period - Stopped by Cristobal Huet without a rebound.
2:23 of 1st overtime period - Saku Koivu wins face-off versus Patrick Marleau in BlackHawks zone.
2:40 of 1st overtime period - Shot by Saku Koivu.
2:40 of 1st overtime period - Stopped by Cristobal Huet with a rebound.
2:44 of 1st overtime period - Shot by Dion Phaneuf.
2:44 of 1st overtime period - Stopped by Cristobal Huet without a rebound.
2:45 of 1st overtime period - Todd White wins face-off versus Matthew Lombardi in BlackHawks zone.
3:00 of 1st overtime period - Icing by Brian Pothier.
3:01 of 1st overtime period - Patrick Marleau wins face-off versus Matthew Lombardi in Blues zone.
3:34 of 1st overtime period - Brian Pothier is hit by Patrick Marleau and loses puck.
4:14 of 1st overtime period - Icing by Darryl Sydor.
4:15 of 1st overtime period - Saku Koivu wins face-off versus Todd White in BlackHawks zone.
4:40 of 1st overtime period - Shot by Jarome Iginla.
4:40 of 1st overtime period - Stopped by Cristobal Huet without a rebound.
4:41 of 1st overtime period - Saku Koivu wins face-off versus Patrick Marleau in BlackHawks zone.

ShootOut

ShootOut - Penalty Shot by Patrick Marleau for BlackHawks.
ShootOut - Goal by Patrick Marleau.
ShootOut - Penalty Shot by Jarome Iginla for Blues.
ShootOut - Goal by Jarome Iginla.
ShootOut - Penalty Shot by Paul Kariya for BlackHawks.
ShootOut - Stopped by Jonathan Quick.
ShootOut - Penalty Shot by Saku Koivu for Blues.
ShootOut - Goal by Saku Koivu.
ShootOut - Penalty Shot by Todd White for BlackHawks.
ShootOut - Shot Misses the Net.


Output by the SimonT Hockey Simulator (STHS) for Stephane Roy -- Original Page W3C XHTML 1.0 Valid